 Dungeon Crawl Stone Soup version 0.31.0-32-g396128a36d (webtiles) character file.

Game seed: 3592030967479492368

36091 Syis the Thaumaturge (level 13, -3/78 HPs)
             Began as a Deep Elf Conjurer on Apr 14, 2024.
             Was the Champion of Cheibriados.
             Killed from afar by a will-o-the-wisp (32 damage)
             ... with a foxfire
             ... on level 2 of the Lair of Beasts.
             The game lasted 00:40:34 (18087 turns).

Syis the Thaumaturge (Deep Elf Conjurer)           Turns: 18087, Time: 00:40:34

Health: -3/78      AC: 10    Str: 23    XL:     13   Next: 51%
Magic:  32/48      EV: 20    Int: 50    God:    Cheibriados [******]
Gold:   197        SH:  0    Dex: 28    Spells: 16/35 levels left

rFire   . . .        G - +9 lajatang of Eternal Harmony {freeze, rElec Will+ MP+9 Int+3}
rCold   . . .        (shield currently unavailable)
rNeg    . . .        F - +1 leather armour of Xom's Grace {*Slow Str+4 Slay+6}
rPois   .            t - +0 helmet {Int+3}
rElec   +            m - +0 cloak
rCorr   .            (no gloves)
SInv    .            x - +2 pair of boots
Will    ++...        J - amulet of magic regeneration
Stlth   +++          w - ring of flight
HPRegen 0.33/turn    b - ring of magical power
MPRegen 0.71/turn

%: slow self (1%)
@: flying, very slow
A: no striking features
a: Renounce Religion, Bend Time, Temporal Distortion, Slouch, Step From Time


You were on level 2 of the Lair of Beasts.
You worshipped Cheibriados.
Cheibriados was exalted by your worship.
You visited 3 branches of the dungeon, and saw 14 of its levels.

You collected 1007 gold pieces.
You spent 810 gold pieces at shops.

Inventory:

Hand Weapons
 G - the +9 lajatang of Eternal Harmony (weapon) {freeze, rElec Will+ MP+9 Int+3}
   (You found it on level 10 of the Dungeon)

   Int+3:     It affects your intelligence (+3).
   rElec:     It insulates you from electricity.
   Will+:     It increases your willpower.
   MP+9:      It affects your magic capacity (+9).
Armour
 m - a +0 cloak (worn)
 t - a +0 helmet of intelligence (worn)
 u - a +2 robe of positive energy
 x - a +2 pair of boots (worn)
 E - an orb of energy
 F - the +1 leather armour of Xom's Grace (worn) {*Slow Str+4 Slay+6}
   (You took it off an orc wizard on level 10 of the Dungeon)

   Str+4:     It affects your strength (+4).
   Slay+6:    It affects your accuracy & damage with ranged weapons and melee
   (+6).
   *Slow:     It may slow you when you take damage.
Jewellery
 b - a ring of magical power (right hand)
 w - a ring of flight (left hand)
 J - an amulet of magic regeneration (around neck)
 L - an amulet of reflection
 M - a ring of fire
 N - an amulet of faith
Wands
 g - a wand of charming (16)
 k - a wand of digging (9)
 r - a wand of flame (28)
 A - a wand of polymorph (8)
 I - a wand of roots (5)
 K - a wand of acid (4)
Scrolls
 a - 4 scrolls of enchant armour
 c - a scroll of poison
 h - a scroll of teleportation
 j - 6 scrolls of vulnerability
 o - 3 scrolls of enchant weapon
 p - 4 scrolls of amnesia
 q - 4 scrolls of blinking
 s - 2 scrolls of fear {unknown}
 v - 2 scrolls of noise {unknown}
 y - a scroll of immolation {unknown}
 B - a scroll of brand weapon {unknown}
 D - 5 scrolls of fog {unknown}
 H - a scroll of acquirement {unknown}
Potions
 d - 3 potions of curing
 e - 4 potions of attraction
 i - 2 potions of lignification
 l - a potion of mutation
 n - a potion of heal wounds
 z - 2 potions of haste
 C - a potion of might
Miscellaneous
 f - a sack of spiders


   Skills:
 + Level 7.7 Fighting
 + Level 3.3 Staves
 + Level 4.3 Armour
 + Level 8.3 Dodging
 - Level 2.4 Stealth
 + Level 11.9 Spellcasting
 + Level 8.1 Conjurations
 - Level 9.0 Translocations
 + Level 8.1 Fire Magic
 - Level 7.0 Air Magic
 + Level 8.1 Alchemy
 - Level 7.0 Invocations
 - Level 3.0 Evocations


You had 16 spell levels left.
You knew the following spells:

 Your Spells              Type           Power      Damage    Failure   Level
a - Magic Dart            Conj           100%       1d8       1%          1
b - Searing Ray           Conj           100%       2d8       1%          2
c - Iskenderun's Mystic   Conj/Tloc      86%        2d17      1%          4
d - Fulminant Prism       Conj/Alch      42%        3d19      1%          4
e - Olgreb's Toxic Radia  Alch           84%        N/A       1%          4
f - Ignite Poison         Fire/Alch      84%        N/A       1%          4

Your spell library contained the following spells:

 Spells                   Type           Power      Damage    Failure   Level
 Kiss of Death            Conj/Necr      100%       2d13      1%          1
 Necrotise                Necr           100%       1d9       1%          1
 Sting                    Conj/Alch      100%       1d9       1%          1
 Ensorcelled Hibernation  Hex/Ice        58%        N/A       1%          2
 Lesser Beckoning         Tloc           100%       N/A       1%          2
 Mercury Vapours          Alch/Air       100%       N/A       1%          2
 Gell's Gravitas          Tloc           88%        N/A       1%          3
 Teleport Other           Tloc           88%        N/A       1%          3
 Flame Wave               Conj/Fire      84%        2d18      1%          4
 Petrify                  Alch/Erth      63%        N/A       1%          4
 Vhi's Electric Charge    Tloc/Air       100%       N/A       1%          4
 Arcjolt                  Conj/Air       40%        1d50      1%          5
 Confusing Touch          Hex            29%        N/A       2%          3
 Fugue of the Fallen      Necr           29%        N/A       2%          3
 Vampiric Draining        Necr           29%        2d8       2%          3
 Plasma Beam              Fire/Air       40%        2x1d54    6%          6
 Anguish                  Hex/Necr       14%        N/A       9%          4
 Dispel Undead            Necr           29%        3d13      9%          4
 Martyr's Knell           Necr/Summ      29%        N/A       9%          4
 Curse of Agony           Necr           29%        N/A       24%         5


Dungeon Overview and Level Annotations

Branches:
Dungeon (11/15)            Temple (1/1) D:4            Lair (2/5) D:11
    Orc (0/2) D:11
  Swamp: Lair:2-3    Shoals: Lair:2-3     Snake: Lair:2-3    Spider: Lair:2-3

Altars:
Ashenzari
Cheibriados
Dithmenos
Elyvilon
Fedhas
Gozag
Hepliaklqana
Kikubaaqudgha
Makhleb
Nemelex Xobeh
Okawaru
Qazlal
Ru
Sif Muna
Trog
Uskayaw
Vehumet
Wu Jian
Xom
Yredelemnul
Zin
The Shining One

Shops:
D:1 (   D:3 [==(*   D:7 ?


Message History

Your toxic aura wanes.
A foxfire comes into view.
The will-o-the-wisp blinks!
Casting: Ignite Poison (safe; 1% risk of failure)
Confirm with . or Enter, or press ? or * to list all spells.
You erupt in a blast of force!
The mystic blast hits the yak!
You kill the yak!
Cheibriados appreciates the change of pace.
The foxfire hits you!! x2
Unknown command.
Aiming: Corrosive Bolt
Press: ? - help, Shift-Dir - straight line, f - will-o-the-wisp
Aim: a will-o-the-wisp (74% to hit)
The bolt of acid hits the will-o-the-wisp!!
The acid corrodes the will-o-the-wisp!
The will-o-the-wisp is heavily damaged.
You are too injured to fight recklessly!
A will-o-the-wisp is nearby!
You are too injured to fight recklessly!
You are too injured to fight recklessly!
Casting: Iskenderun's Mystic Blast (safe; 1% risk of failure)
Confirm with . or Enter, or press ? or * to list all spells.
Aiming: Searing Ray (safe; 1% risk of failure)
Press: ? - help, Shift-Dir - straight line, f/p - will-o-the-wisp
Aim: a will-o-the-wisp (heavily damaged, covered in acid, 83% to hit)
The searing ray hits the will-o-the-wisp!
The will-o-the-wisp is severely damaged. (Press . to maintain the ray.)
The will-o-the-wisp gestures.
The will-o-the-wisp conjures some marshlight! 2 foxfires come into view.
The searing ray hits the will-o-the-wisp.
The will-o-the-wisp is severely damaged.
The foxfire hits you!!
* * * LOW HITPOINT WARNING * * *
The will-o-the-wisp gestures.
The will-o-the-wisp conjures some marshlight! 2 foxfires come into view.
You feel much better. The foxfire hits you!!
You die...

###....# ..P #.#..####
##. ..### ###^..#.#
#... ....##
###..#####.... ...P#
#....#♣...... ## v§P##
##.#.♣....... .##
##§§.# ##P.........
#.## #.vv.# #♣.....P...
.#.## #..@##
#♣♣......P.. ....#
#....###♣..........P
....##
##.......♣P.÷P.....~
#....#
##..##..#.P.........~
#....##
##.##..#...........~..
##....##
##.#.###.#.........~~~P
#......####.####
###..........~..
#.......##...#
##♣P....~≈.P..
#........#.P##
♣....≈≈≈...P


You could see a will-o-the-wisp (corroded).

Vanquished Creatures
  The ghost of gothhamster the Slicer, a journeyman KoBe of Trog (Lair:1)
  A centaur warrior (D:11)
  3 death yaks (D:11)
  A dancing weapon (Lair:1)
  3 boulder beetles (D:11)
  7 two-headed ogres
  Pikel (D:4)
  An orc knight (D:10)
  A deep elf pyromancer (D:11)
  A lindwurm (Lair:2)
  An ugly thing (D:11)
  A manticore (D:11)
  4 cyclopes (D:11)
  2 cane toads (Lair:1)
  3 unseen horrors
  3 komodo dragons
  A kobold demonologist (D:8)
  5 trolls
  2 polar bears (Lair:2)
  A hornet (D:10)
  Grinder (D:4)
  12 blink frogs (Lair:1)
  Sigmund (D:3)
  A vampire (D:11)
  A spriggan (shapeshifter) (D:10)
  3 wyverns
  32 yaks
  7 shadows
  A slime creature (D:10)
  8 wraiths
  A steam dragon (D:9)
  2 vampire mosquitoes
  3 acid dragons
  4 water moccasins
  6 orc warriors
  A sky beast (D:7)
  5 black bears
  4 ice beasts
  An ogre (D:5)
  5 boggarts (D:11)
  3 wolves (Lair:1)
  6 centaurs
  A lemure (D:4)
  4 kobold brigands
  2 phantoms
  Blork the orc (D:4)
  8 bullfrogs
  A gnoll sergeant (D:10)
  A two-headed ogre simulacrum (D:11)
  A scorpion (D:6)
  27 wights
  13 killer bees
  3 howler monkeys
  4 electric eels
  A bombardier beetle (D:5)
  A hound (D:5)
  4 orc priests
  A gnoll bouda (D:6)
  3 jellies
  6 iguanas
  Natasha (thrice) (D:4)
  10 orc wizards
  2 sleepcaps
  A spriggan simulacrum (D:11)
  Robin (D:4)
  6 gnolls
  4 adders
  A shadow imp (D:8)
  2 white imps
  2 ufetubi (D:6)
  3 dart slugs
  2 ribbon worms (D:2)
  29 orcs
  10 ball pythons
  13 endoplasms
  3 giant cockroaches
  12 goblins
  10 hobgoblins
  4 jackals
  6 quokkas
  11 bats
  8 frilled lizards
  6 kobolds
  4 rats (D:2)
386 creatures vanquished.

Vanquished Creatures (others)
  4 foxfires (Lair:2)
4 creatures vanquished.

Grand Total: 390 creatures vanquished

Notes
Turn   | Place    | Note
-------+----------+-------------------------------------------
     0 | D:1      | Syis the Deep Elf Conjurer began the quest for the Orb.
     0 | D:1      | Reached XP level 1. HP: 10/10 MP: 6/6
   151 | D:1      | Reached XP level 2. HP: 15/15 MP: 5/8
   155 | D:1      | Learned a level 2 spell: Searing Ray
   302 | D:1      | Found Jeneeregh's Weapon Shoppe.
   890 | D:1      | Reached XP level 3. HP: 19/19 MP: 6/10
  1214 | D:1      | Reached skill level 4 in Spellcasting
  1409 | D:2      | Reached skill level 5 in Conjurations
  2272 | D:2      | Found a burning altar of Makhleb.
  2682 | D:3      | Found Melitz's Weapon Emporium.
  2687 | D:3      | Reached skill level 1 in Translocations
  2688 | D:3      | Reached XP level 4. HP: 24/24 MP: 8/12
  2830 | D:3      | Found Gatz's Jewellery Boutique.
  2833 | D:3      | Found Fuab's Jewellery Boutique.
  2835 | D:3      | Found Calufug's Antique Armour Shoppe.
  3112 | D:3      | Noticed Sigmund
  3119 | D:3      | Killed Sigmund
  3120 | D:3      | Reached skill level 5 in Spellcasting
  3120 | D:3      | Reached XP level 5. HP: 10/28 MP: 5/15
  3120 | D:3      | Reached XP level 6. HP: 12/32 MP: 5/16
  3227 | D:3      | Found Wioce's General Store.
  3276 | D:3      | Bought a potion of heal wounds for 60 gold pieces
  3276 | D:3      | Bought a scroll of teleportation for 36 gold pieces
  3670 | D:4      | Noticed Grinder
  3674 | D:4      | Paralysed by Grinder for 5 turns
  3764 | D:4      | Killed Grinder
  3765 | D:4      | Reached skill level 6 in Spellcasting
  3968 | D:4      | Learned a level 4 spell: Iskenderun's Mystic Blast
  3973 | D:4      | Learned a level 4 spell: Fulminant Prism
  4028 | D:4      | Noticed Pikel
  4030 | D:4      | Noticed Natasha
  4040 | D:4      | Killed Natasha
  4041 | D:4      | Reached XP level 7. HP: 24/36 MP: 7/18
  4042 | D:4      | HP: 1/36 [Pikel/+0 whip of freezing (3)]
  4212 | D:4      | Killed Pikel
  4213 | D:4      | Reached skill level 7 in Spellcasting
  4563 | D:4      | Reached XP level 8. HP: 41/41 MP: 3/20
  4610 | D:4      | Noticed Blork the orc
  4616 | D:4      | Killed Blork the orc
  4751 | D:4      | Noticed Robin
  4758 | D:4      | Killed Robin
  4999 | D:4      | Noticed Natasha
  5005 | D:4      | Killed Natasha
  5150 | D:4      | Noticed Natasha
  5155 | D:4      | Killed Natasha
  5156 | D:4      | Reached skill level 1 in Fighting
  5254 | D:4      | Got the Parchment of the Blaze and the Ouroboros
  5319 | D:4      | Found a staircase to the Ecumenical Temple.
  5663 | Temple   | Entered the Ecumenical Temple
  5673 | Temple   | Became a worshipper of Cheibriados the Contemplative
  5722 | D:5      | Entered Level 5 of the Dungeon
  5805 | D:5      | Found a glowing golden altar of the Shining One.
  5805 | D:5      | Found a bloodstained altar of Trog.
  5961 | D:5      | Reached skill level 1 in Evocations
  6067 | D:5      | Reached skill level 1 in Armour
  6067 | D:5      | Reached skill level 1 in Alchemy
  6488 | D:5      | Reached * piety under Cheibriados
  7122 | D:6      | Reached skill level 8 in Spellcasting
  7212 | D:6      | Reached XP level 9. HP: 48/48 MP: 14/23
  8188 | D:7      | Reached skill level 5 in Dodging
  8188 | D:7      | Reached ** piety under Cheibriados
  8363 | D:7      | Learned a level 4 spell: Olgreb's Toxic Radiance
  8633 | D:7      | Found Zecuh's Magic Scroll Boutique.
  8647 | D:7      | Learned a level 4 spell: Ignite Poison
  8714 | D:7      | Bought a scroll of blinking for 97 gold pieces
  8714 | D:7      | Bought a scroll of teleportation for 39 gold pieces
  8714 | D:7      | Bought a scroll of identify for 26 gold pieces
  8714 | D:7      | Bought a scroll of identify for 26 gold pieces
  8714 | D:7      | Bought a scroll of identify for 26 gold pieces
  8763 | D:7      | Reached skill level 9 in Spellcasting
  8764 | D:7      | Reached skill level 1 in Fire Magic
  9044 | D:8      | Noticed a two-headed ogre
  9052 | D:8      | Killed a two-headed ogre
  9053 | D:8      | Reached skill level 5 in Alchemy
  9270 | D:8      | Reached XP level 10. HP: 53/57 MP: 12/25
  9272 | D:8      | Reached *** piety under Cheibriados
 10739 | D:8      | Noticed a soul eater
 10743 | D:8      | Reached skill level 5 in Fighting
 10960 | D:8      | Reached **** piety under Cheibriados
 10961 | D:8      | Reached skill level 5 in Fire Magic
 11712 | D:3      | Bought a ring of magical power for 200 gold pieces
 11978 | D:9      | Reached skill level 1 in Air Magic
 12212 | D:9      | Found a hazy altar of Hepliaklqana.
 12307 | D:9      | Found an iron altar of Okawaru.
 12862 | D:10     | Entered Level 10 of the Dungeon
 12908 | D:10     | Noticed a two-headed ogre
 12914 | D:10     | Killed a two-headed ogre
 12915 | D:10     | Reached XP level 11. HP: 37/64 MP: 20/26
 13073 | D:10     | Reached ***** piety under Cheibriados
 13159 | D:10     | Identified the +1 leather armour of Xom's Grace {*Slow
                  | Str+4 Slay+6}
 13299 | D:10     | Noticed a two-headed ogre
 13302 | D:10     | Killed a two-headed ogre
 13303 | D:10     | Reached skill level 10 in Spellcasting
 13343 | D:10     | Noticed an orc knight
 13368 | D:10     | Killed an orc knight
 13752 | D:10     | Identified the +9 lajatang of Eternal Harmony {freeze,
                  | rElec Will+ MP+9 Int+3}
 14354 | D:11     | Noticed a deep elf pyromancer
 14370 | D:11     | Reached skill level 1 in Staves
 14370 | D:11     | Reached skill level 1 in Invocations
 14375 | D:11     | Killed a deep elf pyromancer
 14578 | D:11     | Noticed a death yak
 14584 | D:11     | Noticed a death yak
 14586 | D:11     | Killed a death yak
 14587 | D:11     | Reached skill level 11 in Spellcasting
 14591 | D:11     | Killed a death yak
 14592 | D:11     | Reached XP level 12. HP: 71/71 MP: 8/29
 14815 | D:11     | Noticed a death yak
 14817 | D:11     | Found a staircase to the Lair.
 14821 | D:11     | Reached skill level 5 in Air Magic
 14821 | D:11     | Killed a death yak
 14822 | D:11     | Noticed a boulder beetle
 14830 | D:11     | Reached ****** piety under Cheibriados
 15065 | D:11     | Found a staircase to the Orcish Mines.
 15147 | D:11     | Noticed a centaur warrior
 15148 | D:11     | Noticed a two-headed ogre
 15151 | D:11     | Killed a centaur warrior
 15152 | D:11     | Killed a two-headed ogre
 15154 | D:11     | Noticed a two-headed ogre
 15229 | D:11     | Noticed a boulder beetle
 15233 | D:11     | Killed a boulder beetle
 15365 | D:11     | Killed a two-headed ogre
 15366 | D:11     | Reached skill level 5 in Invocations
 15446 | D:11     | Noticed a two-headed ogre
 15454 | D:11     | Killed a two-headed ogre
 15461 | D:11     | Noticed a boulder beetle
 15476 | D:11     | Killed a boulder beetle
 15479 | D:11     | Noticed a boulder beetle
 15897 | D:11     | Killed a boulder beetle
 16063 | D:11     | Reached XP level 13. HP: 63/76 MP: 16/30
 16665 | D:3      | Bought an amulet of magic regeneration for 300 gold pieces
 16862 | Lair:1   | Entered Level 1 of the Lair of Beasts
 17007 | Lair:1   | Found a runed translucent door.
 17007 | Lair:1   | Found a shimmering altar of Xom.
 17007 | Lair:1   | Noticed gothhamster's ghost (journeyman KoBe)
 17742 | Lair:1   | Killed gothhamster's ghost
 18087 | Lair:2   | Killed from afar by a will-o-the-wisp

Illustrated notes

Levels and vault maps discovered:
D:1:      eino_arrival_water_star, layout_basic, serial_shops,
          nicolae_shop_crystal, chequers_serial_rivers_room_a
D:2:      layout_loops_corners, basic_altar
D:3:      layout_rooms, serial_shops, shop, shop, shop,
          nicolae_shop_tiny_waterfront, shop, dk_noncrumbling_4, uniq_sigmund
D:4:      layout_layer_cave, minmay_temple_entry_poolview, uniq_blork_the_orc,
          uniq_robin, uniq_grinder, uniq_natasha, uniq_pikel
D:5:      minmay_opposing_rooms, layout_loops_corners,
          mainiacjoe_overflow_divided_tiny
D:6:      layout_gridville
D:7:      layout_basic, kennysheep_small_square
D:8:      layout_cave_pools, serial_park, serial_park_square3
          [serial_park_minivault_5x5_2], serial_park_square2,
          serial_park_square3 [serial_park_minivault_5x5_7], serial_park_square3
          [serial_park_minivault_5x5_3], minmay_lizard_king
D:9:      layout_long_grid, mainiacjoe_overflow_catch_the_wave, serial_bayou,
          serial_bayou_lagoon_a, serial_bayou_pond_d, serial_bayou_lake_a,
          serial_bayou_pond_a, minmay_misc_feat_pillars
D:10:     layout_stronghold, enter_bailey_2, minivault_22, kennysheep_nub,
          nzn_random_ring
D:11:     nzn_winding_woodlands_stair_trap
          [nzn_winding_woodlands_5x15_longhouse,
          nzn_winding_woodlands_5x15_crooked,
          nzn_winding_woodlands_5x15_pathside_ponds,
          nzn_winding_woodlands_15x15_killbox,
          nzn_winding_woodlands_5x15_default,
          nzn_winding_woodlands_5x15_sawtooth,
          nzn_winding_woodlands_5x15_zeroes], layout_cave_pools,
          dpeg_lair_monsters, portal_ice_cave_entry_ice_simulacra
Temple:   mainiacjoe_temple_bowtie_tessellation
Lair:1:   layout_roguey, ebering_ghost_xom, infiniplex_staircase_pool
Lair:2:   layout_layer_cave, minmay_swamp_entry_wisps, dummy_spider_entry,
          grunt_forest_large_clearings

Skill      XL: |  1  2  3  4  5  6  7  8  9 10 11 12 13 |
---------------+----------------------------------------+-----
Dodging        | 3 4 5 7 8 |  8.3
Spellcasting   | 4 5 6 7 8 9 11 | 11.9
Conjurations   | 5 6 7 8 |  8.1
Translocations | 1 3 6 7 8 9 |  9.0
Fighting       | 2 4 5 6 7 |  7.7
Evocations     | 2 3 |  3.0
Armour         | 1 3 4 |  4.3
Alchemy        | 2 5 7 8 |  8.1
Fire Magic     | 3 6 7 8 |  8.1
Air Magic      | 2 4 7 |  7.0
Staves         | 2 3 |  3.3
Invocations    | 2 7 |  7.0
Stealth        | |  2.4

Action                     |  1- 3 |  4- 6 |  7- 9 | 10-12 | 13-15 || total
---------------------------+-------+-------+-------+-------+-------++-------
  Melee: Unarmed           |     5 |       |     3 |    31 |       ||    39
         Punch             |       |       |       |     1 |       ||     1
         Lajatang          |       |       |       |    21 |    23 ||    44
   Cast: Magic Dart        |    15 |     1 |       |       |       ||    16
         Searing Ray       |    46 |    34 |    61 |    82 |    10 ||   233
         Iskenderun's Myst |       |     1 |    25 |    95 |    22 ||   143
         Olgreb's Toxic Ra |       |       |     4 |    48 |    15 ||    67
         Ignite Poison     |       |       |     2 |    29 |    15 ||    46
  Evoke: Wand              |       |       |       |       |     1 ||     1
    Use: Scroll            |       |     1 |    11 |     6 |     4 ||    22
         Potion            |       |       |     1 |     5 |     1 ||     7
   Stab: Sleeping          |       |       |       |       |     2 ||     2
 Armour: Robe              |    11 |    16 |    33 |    46 |       ||   106
         Leather armour    |       |       |       |    33 |    25 ||    58
  Dodge: Dodged            |     7 |    12 |    68 |   163 |    57 ||   307
